 Dungeon Crawl Stone Soup version 0.31-a0-702-gf82c85558f (webtiles) character file.

Game seed: 1373738038998440886

102 Malachi the Changeling (level 4, 19/19 HPs)
             Began as a Felid Shapeshifter on Sept 8, 2023.
             Got out of the dungeon alive.
             The game lasted 00:02:26 (2138 turns).

Malachi the Changeling (Felid Shapeshifter)         Turns: 2138, Time: 00:02:27

Health: 19/19      AC:  1    Str: 10    XL:     4   Next: 49%
Magic:  5/5        EV: 18    Int: 11    God:
Gold:   134        SH:  0    Dex: 17    Spells: 3/3 levels left
                                        Lives:  1   Deaths: 1

rFire   . .          .
                       - Unarmed
rCold   . . .        (shield unavailable)
rNeg    . . .        (body armour unavailable)
rPois   .            (helmet unavailable)
rElec   .            (cloak unavailable)
rCorr   .            (gloves unavailable)
SInv    +            (boots unavailable)
Will    .....        j - amulet of guardian spirit
Stlth   ++           (no ring)
HPRegen 0.23/turn    (no ring)
MPRegen 0.09/turn

%: guardian spirit
@: beast-form, quick
A: beast (slay +2), very small, claws 1, fangs 3, see invisible, speed 1, shaggy
fur 1, stealthy paws, no weapons or thrown items, no armour, multi-lived
a: Begin Untransformation


You escaped.
You were a hulking beast.
You visited 1 branch of the dungeon, and saw 2 of its levels.

You collected 134 gold pieces.

Inventory:

Jewellery
 j - an amulet of guardian spirit (around neck)
Talismans
 b - a beast talisman (active)
 c - a flux talisman
Scrolls
 d - 4 scrolls of identify {unknown}
 e - a scroll of enchant armour {unknown}
 g - a scroll of fog {unknown}
 i - a scroll of teleportation {unknown}
 k - a scroll of summoning {unknown}
 l - a scroll of immolation {unknown}
Potions
 a - 2 potions of lignification
 f - a potion of mutation {unknown}
 h - a potion of invisibility {unknown}


   Skills:
 + Level 2.2 Fighting
 + Level 3.7 Dodging
 + Level 3.5 Unarmed Combat
 * Level 4.2 Shapeshifting


You had 3 spell levels left.
You didn't know any spells.
Your spell library was empty.

Dungeon Overview and Level Annotations

Branches:
Dungeon (2/15)

Altars:


Innate Abilities, Weirdness & Mutations

You are a hulking beast.
Your limbs bulge with bestial killing power. (Slay +2)
You have sharp claws.
You have razor-sharp teeth.
You have supernaturally acute eyesight. (SInv)
You cover ground quickly. (Speed+)
You are covered in fur. (AC +1)
Your paws help you pounce on unaware monsters.
You are incapable of wielding weapons or throwing items.
You cannot wear armour.
You gain extra lives every three experience levels.


Message History

Crazy Yiuf hits you with a +2 quarterstaff of chaos!
You scratch Crazy Yiuf.
You kill Crazy Yiuf!
No target in view!
No target in view!
No target in view!
No target in view!
No target in view!
No target in view!
No target in view!
No target in view!
No target in view!
No target in view!
No target in view!
No target in view!
No target in view!
No target in view!
No target in view!
No target in view!
Things that are here:
a +2 quarterstaff of chaos; a +0 cloak; the gnoll corpse of Crazy Yiuf Magic restored.
You see here the felid corpse of Malachi.
There is an open translucent door, spattered with blood here.
Done exploring.
Done exploring.
Done exploring.
Done exploring.
Done exploring.
There is an open translucent door, spattered with blood here.
You see here the felid corpse of Malachi.
There is a stone staircase leading down here.
There is a stone staircase leading up here.
You climb upwards.
There is a stone staircase leading down here.
Unknown command.
There is an empty arch of ancient stone here.
There is a staircase leading out of the dungeon here.
Alright, then stay!
You have escaped!

#..#.#.#.####...##.######...#....
#..........##>÷....⌠..###.#.##.##
#..#.#.#...##..♣♣♣..#.#......#.##
#........#.#.♣♣♣♣♣♣♣.....#.#...÷.
##.#.##.....♣♣♣∩∩∩♣♣♣.#......#...
##..#####...♣∩...∩♣♣....#.#.#...
###........♣♣......♣♣♣.......#.#.
......###..♣♣∩.♣.♣.∩♣♣..######.).
.##.#.# ##.♣♣∩.♣h♣.....## ##.#.
......# #.♣♣∩.♣.♣.∩♣♣.######....
#.#.#.# #.♣♣♣.....♣♣♣.##......#.
......# #....∩...∩♣♣............
#.#.#.# #...♣♣∩∩∩♣♣♣.###......#.
......# #...♣♣♣♣♣♣♣..# ######...
#.#.#.## ##....♣♣♣....# ##..
.......# #.#>.....>..# #>.
#.#.#..####..##.####.## #..


There were no monsters in sight!

Vanquished Creatures
  Crazy Yiuf (D:2)
  3 adders (D:2)
  A worm (D:2)
  2 ball pythons
  6 bats
  3 endoplasms
  A giant cockroach (D:2)
  5 hobgoblins
  5 kobolds
  2 quokkas
  5 frilled lizards (D:1)
  8 rats
42 creatures vanquished.

Notes
Turn   | Place    | Note
-------+----------+-------------------------------------------
     0 | D:1      | Malachi the Felid Shapeshifter began the quest for the Orb.
     0 | D:1      | Reached XP level 1. HP: 9/9 MP: 2/2
   108 | D:1      | Reached XP level 2. HP: 12/12 MP: 3/3
   120 | D:1      | Found a faded altar of an unknown god.
   997 | D:2      | Reached XP level 3. HP: 16/16 MP: 4/4
  1440 | D:2      | Reached skill level 4 in Shapeshifting
  1572 | D:2      | Found a runed translucent door.
  1573 | D:2      | Noticed Crazy Yiuf
  1720 | D:2      | Reached XP level 4. HP: 19/19 MP: 5/5
  1995 | D:2      | Slain by Crazy Yiuf
  2024 | D:2      | Killed Crazy Yiuf
  2138 | D:$      | Got out of the dungeon alive.

Illustrated notes

Levels and vault maps discovered:
D:1:      heliophobic_arrival_henge, layout_loops_cross,
          dreamdust_ecumenical_altar_grove, serial_glass, glass_columns_a,
          glass_columns_a, glass_columns_a, glass_columns_c, glass_columns_b,
          glass_columns_c, glass_columns_a, glass_columns_c, glass_columns_b,
          glass_columns_a, glass_columns_a, glass_columns_c, glass_columns_c,
          glass_columns_b
D:2:      layout_basic, serial_bayou_pond_d, st_stairs_7, chequers_mini_garden,
          minmay_split_cup_large, uniq_crazy_yiuf_cottage

Skill      XL: |  1  2  3 |
---------------+----------+-----
Dodging        | 3 |  3.7
Fighting       | 2 |  2.2
Shapeshifting  | 4 |  4.2
Unarmed Combat | |  3.5

Action                     |  1- 3 |  4- 6 || total
---------------------------+-------+-------++-------
  Melee: Unarmed           |    79 |    12 ||    91
         Bite              |     6 |       ||     6
         Punch             |     1 |       ||     1
   Stab: Sleeping          |     3 |     2 ||     5
 Armour: Skin              |    19 |     3 ||    22
  Dodge: Dodged            |    48 |     5 ||    53

Table legend: (Time is in decaauts)
 A = Elapsed time spent in this place.
 B = Non-inter-level travel time spent in this place.
 C = Inter-level travel time spent in this place.
 D = Time resting spent in this place.
 E = Time spent auto-exploring this place.
 F = Levels seen in this place.
 G = Mean time per level.
                   A        B        C        D        E       F      G
               +--------+--------+--------+--------+--------+-----+--------+
         Total |   1830 |   1759 |     71 |    370 |   1141 |   2 |  915.0 |
       Dungeon |   1830 |   1759 |     71 |    370 |   1141 |   2 |  915.0 |
               +--------+--------+--------+--------+--------+-----+--------+

Top non-repeatable levels by time:
     D:2: 1182 daAuts
     D:1: 648 daAuts
